 Dungeon Crawl Stone Soup version 0.19.1 (webtiles) character file.

1310 Rrauwl the Basher (level 8, -5/70 HPs)
             Began as a Green Draconian Fighter on Dec 1, 2016.
             Killed from afar by an electric eel (8 damage)
             ... with a bolt of electricity
             ... on level 7 of the Dungeon.
             The game lasted 00:20:38 (3534 turns).

Rrauwl the Basher (Green Draconian Fighter)         Turns: 3534, Time: 00:20:38

Health: -5/70      AC:  7    Str: 23 (24) XL:     8   Next: 32%
Magic:  8/8        EV:  9    Int:  8      God:
Gold:   203        SH: 14    Dex: 15      Spells: 0 memorised, 7 levels left

rFire  . . .     SeeInvis .     y - +7 falchion "Giantbane" {elec, rC+ Str+3}
rCold  + . .     Gourm    .     (armour unavailable)
rNeg   . . .     Faith    .     b - +1 shield
rPois  +         Spirit   .     (helmet restricted)
rElec  .         Reflect  +     k - +0 cloak
rCorr  .         Harm     .     (no gloves)
MR     .....                    (no boots)
Stlth  +.........               e - +4 amulet of reflection
                                (no ring)
                                c - +2 ring of dexterity

@: heavily drained
A: breathe noxious fumes, unfitting armour, big wings, agile 1, blurry vision 1,
deterioration 1, poison resistance, cold-blooded, subdued magic 1, AC +6
a: Breathe Noxious Fumes, Fly


You were on level 7 of the Dungeon.
You were not hungry.

You visited 1 branch of the dungeon, and saw 5 of its levels.

You collected 203 gold pieces.

Inventory:

Hand Weapons
 j - a +4 flail
 s - a +2 mace of crushing
 y - the +7 falchion "Giantbane" (weapon) {elec, rC+ Str+3}
   (You found it on level 7 of the Dungeon)

   Occasionally, upon striking a foe, it will discharge some electrical energy
   and cause terrible harm.
   It affects your strength (+3).
   It protects you from cold.
Armour
 b - a +1 shield (worn)
 k - a +0 cloak (worn)
Jewellery
 c - a +2 ring of dexterity (left hand)
 e - a +4 amulet of reflection (around neck)
 t - an uncursed amulet of regeneration
 x - an uncursed amulet of harm
Wands
 q - a wand of acid (0/15)
 w - a wand of disintegration (14/24)
Scrolls
 a - 3 scrolls of teleportation
 g - a scroll of recharging
 i - 2 scrolls of identify
 n - 2 scrolls of remove curse
Potions
 o - a potion of might
 p - 2 potions of lignification
 r - a potion of berserk rage
 u - a potion of heal wounds
Comestibles
 d - 4 bread rations
 f - 3 beef jerkies
 h - 2 meat rations
 m - a royal jelly
 v - 7 slices of pizza


   Skills:
 - Level 6.0(4.3) Fighting
 + Level 0.6(0.0) Long Blades
 - Level 8.7(6.8) Maces & Flails
 - Level 3.0(1.4) Dodging
 - Level 4.0(2.3) Shields


You had 7 spell levels left.
You didn't know any spells.

Dungeon Overview and Level Annotations

Branches:
Dungeon (4/15)             Temple (0/1) D:4

Altars:
Zin

Shops:
D:7 (


Innate Abilities, Weirdness & Mutations

You can breathe blasts of noxious fumes.
Your lurid green scales are hard. (AC +6)
You cannot fit into any form of body armour.
Your system is resistant to poisons. (rPois)
You are cold-blooded and may be slowed by cold attacks.
Your large and strong wings let you fly indefinitely.
You are agile. (Dex +2)
Scrolls take you a little longer to read.
Your body sometimes deteriorates upon taking damage.
Your spells are a little easier to cast, but a little less powerful.


Message History

The bolt of electricity hits you!
All of the chunks of flesh in your inventory have rotted away.
You hit the iguana.
You tail-slap the iguana, but do no damage.
The iguana is lightly wounded.
The electric eel shoots out a bolt of lightning at you!
The bolt of electricity hits you! You block the iguana's attack.
The iguana bites you!
Your body deteriorates!
You feel weakened.
A dart slug comes into view.
Okay, then.
The electric eel shoots out a bolt of lightning at you!
The bolt of electricity hits you! The iguana bites you.
* * * LOW HITPOINT WARNING * * *
The electric eel shoots out a bolt of lightning at you!
The bolt of electricity hits the iguana.
The bolt of electricity hits you!
* * * LOW HITPOINT WARNING * * *
The bolt of electricity hits you!
You die...

..≈≈≈≈≈≈≈........
<.≈≈≈≈≈≈.........
..≈≈≈#≈≈≈...###.#
.≈≈≈≈≈≈≈;...###.#
(≈≈≈#≈≈≈.........
.?≈≈≈≈≈.....###.#
%≈≈≈≈≈;.........#
≈#≈≈≈≈...#l.###.##.
≈≈≈≈.......@.......
w≈≈....$(..####.##.
.##.....####
.......# ###..#..#
#..#...


You could see an iguana and 2 electric eels.

Vanquished Creatures
  A human (D:7)
  4 hogs (D:7)
  An orc warrior (D:4)
  A sky beast (D:7)
  An ogre (D:4)
  A hound (D:4)
  3 orc priests
  An orc wizard (D:7)
  Ijyb (D:3)
  A worker ant (D:4)
  A worker ant zombie (D:7)
  5 adders
  2 oozes
  2 worms (D:3)
  5 dart slugs
  3 leopard geckos
  11 orcs
  A ball python (D:2)
  4 bats
  2 giant cockroaches
  3 goblins
  6 hobgoblins
  4 jackals (D:4)
  A quokka (D:2)
  2 frilled lizards
  9 kobolds
  A quokka skeleton (D:4)
  6 rats
83 creatures vanquished.

Vanquished Creatures (others)
  A dart slug (D:7)
1 creature vanquished.

Grand Total: 84 creatures vanquished

Notes
Turn   | Place    | Note
-------+----------+-------------------------------------------
     0 | D:1      | Rrauwl the Draconian Fighter began the quest for the Orb.
     0 | D:1      | Reached XP level 1. HP: 19/19 MP: 1/1
   300 | D:1      | Reached XP level 2. HP: 20/26 MP: 2/2
   997 | D:2      | Reached XP level 3. HP: 30/31 MP: 3/3
  1903 | D:3      | Noticed Ijyb
  1913 | D:3      | Killed Ijyb
  1913 | D:3      | Reached XP level 4. HP: 37/40 MP: 4/4
  1914 | D:3      | Reached skill level 3 in Maces & Flails
  2248 | D:3      | Reached XP level 5. HP: 23/47 MP: 5/5
  2455 | D:3      | Found a glowing silver altar of Zin.
  2483 | D:4      | Noticed an ogre
  2497 | D:4      | Killed an ogre
  2497 | D:4      | Reached skill level 5 in Fighting
  2497 | D:4      | Reached skill level 4 in Maces & Flails
  2506 | D:4      | Reached XP level 6. HP: 32/56 MP: 6/6
  2935 | D:4      | Noticed an orc warrior
  2955 | D:4      | Killed an orc warrior
  3135 | D:4      | Found a staircase to the Ecumenical Temple.
  3143 | D:4      | You fall through a shaft for 3 floors!
  3204 | D:7      | Reached skill level 5 in Maces & Flails
  3223 | D:7      | Identified a scroll of acquirement
  3265 | D:7      | Noticed a hog
  3265 | D:7      | Noticed a human
  3265 | D:7      | Noticed a hog
  3265 | D:7      | Noticed a hog
  3266 | D:7      | Noticed a hog
  3274 | D:7      | Killed a hog
  3274 | D:7      | Your scales start taking on a lurid green colour.
  3274 | D:7      | Reached XP level 7. HP: 63/63 MP: 7/7
  3274 | D:7      | Gained mutation: Your system is resistant to poisons. (rPois) [Green Draconian growth]
  3274 | D:7      | Killed a hog
  3274 | D:7      | Reached skill level 6 in Maces & Flails
  3277 | D:7      | Killed a human
  3277 | D:7      | Reached skill level 7 in Maces & Flails
  3302 | D:7      | Killed a hog
  3302 | D:7      | Reached XP level 8. HP: 66/70 MP: 8/8
  3308 | D:7      | Reached skill level 8 in Maces & Flails
  3351 | D:7      | Gained mutation: Your large and strong wings let you fly indefinitely. [mutagenic meat]
  3352 | D:7      | Gained mutation: Scrolls take you a little longer to read. [mutagenic meat]
  3353 | D:7      | Gained mutation: You are agile. (Dex +2) [mutagenic meat]
  3354 | D:7      | Gained mutation: Your spells are a little easier to cast, but a little less powerful. [mutagenic meat]
  3355 | D:7      | Gained mutation: Your body sometimes deteriorates upon taking damage. [mutagenic meat]
  3443 | D:7      | Got a jewelled falchion
  3444 | D:7      | Identified the +7 falchion "Giantbane" {elec, rC+ Str+3} (You found it on level 7 of the Dungeon)
  3465 | D:7      | Found Jeofac's Antique Weapon Emporium.
  3534 | D:7      | HP: 3/70 [electric eel/bolt of electricity (13)]
  3534 | D:7      | Killed from afar by an electric eel

Skill      XL: |  1  2  3  4  5  6  7  8 |
---------------+-------------------------+-----
Dodging        | 3 |  3.0
Fighting       | 4 5 6 |  6.0
Maces & Flails | 3 4 5 7 8 |  8.7
Shields        | 4 |  4.0
Long Blades    | |  0.6

Action                   |  1- 3 |  4- 6 |  7- 9 || total
-------------------------+-------+-------+-------++-------
Melee: Flail             |   107 |   125 |    21 ||   253
       Tailslap          |     6 |    15 |     5 ||    26
       Falchion          |       |       |     9 ||     9
Evoke: Wand              |       |     3 |     1 ||     4
  Use: Scroll            |     8 |     3 |     1 ||    12
       Potion            |     6 |     3 |       ||     9
 Stab: Sleeping          |       |     1 |     1 ||     2
  Eat: Chunk             |     2 |     4 |     6 ||    12
       Beef jerky        |     1 |       |       ||     1
Armor: Skin              |    21 |    21 |     4 ||    46
Dodge: Dodged            |    35 |    40 |    10 ||    85
Block: Shield            |    65 |    79 |    18 ||   162
       Reflection        |     2 |       |       ||     2
